 Dungeon Crawl Stone Soup version 0.18-a0-1413-g4eaa9ac (webtiles) character file.

170 M4edhros the Insei (level 5, -9/33 HPs)
             Began as an Octopode Artificer on Feb 25, 2016.
             Mangled by M4edhros's ghost (11 damage)
             ... on level 3 of the Dungeon.
             The game lasted 00:02:24 (2661 turns).

M4edhros the Insei (Octopode Artificer)             Turns: 2661, Time: 00:02:24

Health: -9/33      AC:  1    Str: 11      XL:     5   Next: 50%
Magic:  7/7        EV: 11    Int: 15      God:
Gold:   152        SH:  3    Dex: 11 (12) Spells: 0 memorised, 4 levels left

rFire  . . .     SeeInvis .       - Unarmed
rCold  . . .     Gourm    .     s - +0 buckler
rNeg   . . .     Faith    .     (helmet restricted)
rPois  .         Spirit   .     i - amulet of harm
rElec  .         Dismiss  .     (no ring)
rCorr  .         Reflect  .     (no ring)
SustAt .         Harm     +     (no ring)
MR     .....                    (no ring)
Stlth  +++.......               (no ring)
                                (no ring)
                                (no ring)
                                (no ring)

@: not resistant to hostile enchantments, fairly stealthy
A: almost no armour, amphibious, 8 rings, constrict 8, camouflage 1, gelatinous
body 1
a: no special abilities


You were on level 3 of the Dungeon.
You were not hungry.

You visited 1 branch of the dungeon, and saw 3 of its levels.

You collected 152 gold pieces.

Inventory:

Missiles
 e - 85 stones (quivered)
 q - 26 sling bullets
Armour
 s - a +0 buckler (worn)
Jewellery
 i - an amulet of harm (around mantle)
Wands
 b - a wand of flame (15/48)
 c - a wand of enslavement (6/24)
 d - a wand of random effects (14/48)
Scrolls
 h - 3 scrolls of identify {unknown}
 k - a scroll of blinking {unknown}
 m - a scroll of immolation {unknown}
 n - a scroll of fog {unknown}
 o - a scroll of remove curse {unknown}
 r - a scroll of enchant weapon {unknown}
 t - a scroll of magic mapping {unknown}
 u - a scroll of amnesia {unknown}
 x - a scroll of enchant armour {unknown}
 y - a scroll of random uselessness {unknown}
Potions
 j - a potion of curing
 p - 4 potions of heal wounds
 v - a potion of berserk rage
Comestibles
 a - 3 meat rations
 f - 3 bread rations
 g - a beef jerky
 l - 2 slices of pizza


   Skills:
 - Level 1.0 Fighting
   Level 1.0 Short Blades
 - Level 2.0 Dodging
 - Level 1.3 Stealth
 + Level 5.0 Unarmed Combat
 - Level 3.2 Evocations


You had 4 spell levels left.
You didn't know any spells.

Dungeon Overview and Level Annotations

Branches:
Dungeon (3/15)

Altars:

Annotations:
D:3 M4edhros's ghost, amateur OpAr


Innate Abilities, Weirdness & Mutations

You cannot wear most types of armour.
You are amphibious.
You can wear up to eight rings at the same time.
You can use your tentacles to constrict eight enemies at once.
Your skin changes colour to match your surroundings (Stealth).
Your rubbery body absorbs attacks (AC +1).


Message History

This wand has 8 charges left.
M4edhros's ghost whispers, "There is no future for you."
M4edhros's ghost misses you. M4edhros's ghost hits you!
Evoke which item? (* to show all) (? for menu, Esc to quit)
Zapping:
c - a wand of enslavement (8/24)
Press: ? - help, Shift-Dir - straight line, f/p - M4edhros's ghost
Aim: M4edhros's ghost (fast, chance to defeat MR: 48%) M4edhros's ghost resists with some effort.
This wand has 7 charges left.
M4edhros's ghost hits you.
* * * LOW HITPOINT WARNING * * *
Evoke which item? (* to show all) (? for menu, Esc to quit)
Zapping:
c - a wand of enslavement (7/24)
Press: ? - help, Shift-Dir - straight line, f/p - M4edhros's ghost
Aim: M4edhros's ghost (fast, chance to defeat MR: 48%) M4edhros's ghost resists with some effort.
This wand has 6 charges left.
M4edhros's ghost hits you.
* * * LOW HITPOINT WARNING * * *
M4edhros's ghost sneers, "Only the weak need weapons."
M4edhros's ghost hits you!
You die...

###^.# ........<#.####..#. #.#..#
................>.. #.#..#
.........#.#######. ..#..#
#..#.#...#### #... #.#..#######
#..#.#...##.####.#.
...........####).#...............
......................#..........
#.######.#.####..................
#.# #.#.####.@#...........###.
#.######.#......W..#.##.#.##.....
#.##.....#.####..###.##.#.##.###.
.....#..<#.#.........##......###.
.....#.###.#..#.#............#.#.
.....#.....#..#.#.##.####.##.#.#.
.....#####...........# #.##.....
.....#####....#.#..#.# #......#.
...................#.####.##.#...


You could see M4edhros's ghost.

Vanquished Creatures
  Jessica (D:2)
  7 adders
  An ooze (D:1)
  2 worms
  2 dart slugs (D:1)
  4 giant geckos
  An orc (D:3)
  7 bats
  2 giant cockroaches (D:2)
  6 goblins
  4 hobgoblins
  5 quokkas
  6 giant newts (D:1)
  12 kobolds
  7 rats
67 creatures vanquished.

Notes
Turn   | Place    | Note
--------------------------------------------------------------
     0 | D:1      | M4edhros the Octopode Artificer began the quest for the Orb.
     0 | D:1      | Reached XP level 1. HP: 13/13 MP: 3/3
   107 | D:1      | Reached skill level 1 in Unarmed Combat
   282 | D:1      | Reached XP level 2. HP: 18/18 MP: 4/4
   315 | D:1      | Reached skill level 2 in Unarmed Combat
   586 | D:1      | Reached XP level 3. HP: 16/23 MP: 5/5
  1037 | D:1      | Reached skill level 3 in Unarmed Combat
  1588 | D:2      | Reached XP level 4. HP: 13/28 MP: 6/6
  1899 | D:2      | Reached skill level 4 in Unarmed Combat
  2044 | D:2      | Noticed Jessica
  2054 | D:2      | Killed Jessica
  2054 | D:2      | Reached XP level 5. HP: 29/33 MP: 7/7
  2290 | D:3      | Reached skill level 5 in Unarmed Combat
  2650 | D:3      | Noticed M4edhros's ghost (amateur OpAr)
  2661 | D:3      | Mangled by M4edhros's ghost

Vault maps used:
D:1:      dpeg_cavernosity, minmay_vboxes
D:2:      first_bread, kennysheep_nub, uniq_jessica
D:3:      kennysheep_generic_room_9

Skill      XL: |  1  2  3  4  5 |
---------------+----------------+-----
Unarmed Combat | 1 2 3 4 5 |  5.0
Fighting       | |  1.0
Short Blades   | |  1.0
Dodging        | |  2.0
Stealth        | |  1.3
Evocations     | |  3.2

Action                   |  1- 3 |  4- 6 || total
-------------------------+-------+-------++-------
Melee: Unarmed           |    90 |    62 ||   152
Evoke: Wand              |       |    10 ||    10
  Use: Potion            |     5 |     2 ||     7
 Stab: Sleeping          |    16 |     9 ||    25
  Eat: Chunk             |     3 |     3 ||     6
